 Dungeon Crawl Stone Soup version 0.31-a0-1370-gf52a5a9ab3 (webtiles) character file.

Game seed: 3783815374637224706

9749 Laraso the Basher (level 11, -1/109 HPs)
             Began as an Oni Cinder Acolyte on Dec 23, 2023.
             Was a High Priest of Ignis.
             Hit by a javelin thrown by Urug (15 damage)
             ... on level 11 of the Dungeon.
             The game lasted 00:23:27 (13326 turns).

Laraso the Basher (Oni Cinder Acolyte)             Turns: 13326, Time: 00:23:28

Health: -1/109     AC: 10    Str: 20    XL:     11   Next: 51%
Magic:  17/18      EV:  9    Int: 25    God:    Ignis [*****.]
Gold:   534        SH:  0    Dex:  4    Spells: 14/22 levels left

rFire   + + .        a - +0 mace (flame)
rCold   + + .        w - orb {*channel}
rNeg    . . .        C - +0 acid dragon scales
rPois   +            (helmet restricted)
rElec   .            s - scarf {rC+ rF+}
rCorr   +            (gloves unavailable)
SInv    .            (boots unavailable)
Will    +....        z - amulet of magic regeneration
Stlth   x              - ring "Duyjoh" {*Corrode rPois rC+ Int+6}
HPRegen 0.38/turn    (no ring)
MPRegen 0.56/turn

%: corrode self (3%), channel magic (20%)
@: very slightly contaminated
A: large, unfitting armour, horns 1, tough skin 1, double potion healing,
drunken brawling, iridescent scales 1, low MP 1, mutation resistance 1
a: Renounce Religion, Fiery Armour, Foxfire Swarm, Rising Flame


You were on level 11 of the Dungeon.
You worshipped Ignis.
Ignis was extremely pleased with you.
You visited 1 branch of the dungeon, and saw 11 of its levels.
You also visited: Sewer.

You collected 534 gold pieces.

Inventory:

Hand Weapons
 a - a +0 mace of flaming (weapon)
 t - a +0 giant club
Missiles
 l - 3 curare-tipped darts
Armour
 s - a scarf of resistance (worn)
 w - an orb of energy (worn)
 C - +0 acid dragon scales (worn)
Jewellery
 x - the ring "Duyjoh" (left hand) {*Corrode rPois rC+ Int+6}
   (You found it on level 6 of the Dungeon)

   [ring of protection from cold]

   Int+6:     It affects your intelligence (+6).
   rC+:       It protects you from cold.
   rPois:     It protects you from poison *Corrode: It may corrode you when you
   take damage.
 y - a +5 ring of evasion
 z - an amulet of magic regeneration (around neck)
 D - a ring of see invisible
Wands
 i - a wand of iceblast (17)
 q - a wand of flame (44)
 u - a wand of polymorph (6)
 v - a wand of mindburst (18)
Scrolls
 b - a scroll of amnesia
 d - 2 scrolls of teleportation
 e - 2 scrolls of fear
 h - a scroll of torment
 n - a scroll of revelation
 o - a scroll of vulnerability
 E - a scroll of immolation
 F - a scroll of silence {unknown}
 G - a scroll of identify
Potions
 c - a potion of might
 f - a potion of enlightenment {unknown}
 g - 2 potions of berserk rage
 j - 2 potions of magic
 k - 5 potions of haste
 m - a potion of resistance
 p - a potion of invisibility
 r - 3 potions of brilliance
 A - a potion of lignification
 B - a potion of degeneration {unknown}


   Skills:
 - Level 7.0 Fighting
 * Level 12.7 Maces & Flails
 - Level 5.0 Armour
 - Level 2.0 Dodging
 - Level 6.0 Spellcasting
 - Level 4.0 Translocations
 - Level 4.0 Fire Magic
 - Level 6.0 Alchemy


You had 14 spell levels left.
You knew the following spells:

 Your Spells              Type           Power      Damage    Failure   Level
a - Scorch                Fire           54%        2d7       10%         2
b - Blink                 Tloc           54%        N/A       10%         2
e - Olgreb's Toxic Radia  Alch           37%        N/A       21%         4

Your spell library contained the following spells:

 Spells                   Type           Power      Damage    Failure   Level
 Apportation              Tloc           54%        N/A       8%          1
 Sting                    Conj/Alch      88%        1d8       10%         1
 Lesser Beckoning         Tloc           54%        N/A       10%         2
 Mercury Vapours          Alch/Air       44%        N/A       13%         2
 Momentum Strike          Conj/Tloc      34%        3d8       17%         2
 Jinxbite                 Hex            14%        N/A       32%         2
 Alistair's Intoxication  Alch           24%        N/A       43%         5
 Iskenderun's Battlesphe  Conj           7%         2d6       99%         5
 Bombard                  Conj/Erth      3%         9d1       100%        6
 Spellforged Servitor     Conj/Summ      3%         N/A       100%        7


Dungeon Overview and Level Annotations

Branches:
Dungeon (11/15)            Temple (0/1) D:7           Sewer (visited)
   Lair: D:8-11         Orc: D:9-12

Altars:
Okawaru
The Shining One

Shops:
D:1 *   D:5 *

Annotations:
D:11 1 runed translucent door, Qaots's ghost, journeyman FoFi; Urug


Innate Abilities, Weirdness & Mutations

You are too large for most types of armour.
You have a pair of small horns on your head.
You have tough skin. (AC +1)
You gain doubled healing and magic from potions.
Whenever you drink a healing potion, you attack all around you.
You are partially covered in iridescent scales. (AC +2)
Your magical capacity is low. (-10% MP)
You are somewhat resistant to further mutation.


Message History

Urug throws a javelin.
The javelin barely misses you.
Casting: Scorch (safe; 10% risk of failure)
Confirm with . or Enter, or press ? or * to list all spells.
You begin to radiate toxic energy.
Urug is poisoned.
Urug screams, "Your bloody kin took my one good eye.
Now you die, harpy!"
Urug throws a javelin.
The javelin pierces through you!!
Your toxic aura wanes.
Casting: Olgreb's Toxic Radiance (dangerous; 21% risk of failure)
Confirm with . or Enter, or press ? or * to list all spells.
You miscast Olgreb's Toxic Radiance.
You are very lightly contaminated with residual magic.
Mercury flows from your hands. Magical energy flows into your mind!
Urug throws a javelin.
The javelin pierces through you!
Casting: Olgreb's Toxic Radiance (dangerous; 21% risk of failure)
Confirm with . or Enter, or press ? or * to list all spells.
You begin to radiate toxic energy.
Urug throws a javelin.
The javelin pierces through you!
Your toxic aura wanes.
Casting: Olgreb's Toxic Radiance (dangerous; 21% risk of failure)
Confirm with . or Enter, or press ? or * to list all spells.
You miscast Olgreb's Toxic Radiance.
Mercury flows from your hands. Magical energy flows into your mind!
Urug looks more healthy.
Casting: Olgreb's Toxic Radiance (dangerous; 21% risk of failure)
Confirm with . or Enter, or press ? or * to list all spells.
You miscast Olgreb's Toxic Radiance.
You are lightly contaminated with residual magic.
Mercury flows from your hands. Magical energy flows into your mind!
Casting: Olgreb's Toxic Radiance (dangerous; 21% risk of failure)
Confirm with . or Enter, or press ? or * to list all spells.
You begin to radiate toxic energy.
Urug is poisoned.
Magical energy flows into your mind!
Urug throws a javelin.
The javelin pierces through you.
Urug looks even sicker.
Urug throws a javelin.
The javelin pierces through you!!
Your toxic aura wanes.
Urug throws a javelin.
The javelin pierces through you!!
* * * LOW HITPOINT WARNING * * *
Urug throws a javelin.
The javelin pierces through you!
You die...
Urug says, "One more harpy dead."

.............# #.#...#.#...
.....#######.# #.#...#.####
##...# #.####### #.'...#..
#...# #.......# #.#...#...
#...# #.......# #.#...#....
#...# #.......# #.#...#.....
#...# #.......###.#####.....
##...# #...........o......
.....#######....@...##########
...........<.....[..#
########...########.# #...#
#.# #^..# #.# ♣♣ ##..# #.#
#(♣♣ ♣ #..# #.. ##?♣♣.♣
#..########. ⌠#i....
#...........


You could see Urug (very poisoned).

Vanquished Creatures
  Erolcha (D:10)
  2 slime creatures (D:10)
  Joseph (D:10)
  A kobold demonologist (D:11)
  Jeremiah (D:6)
  2 trolls
  A wraith (D:10)
  A shadow (D:9)
  2 wyverns (D:9)
  A vampire (D:10)
  13 yaks
  2 humans (D:10)
  Grum (D:9)
  A steam dragon (D:8)
  An acid dragon (D:9)
  3 water moccasins
  Duvessa (D:6)
  An orc warrior (D:6)
  3 ice beasts
  3 sky beasts
  2 black bears
  3 wolves (D:9)
  A centaur (D:8)
  An ogre (D:5)
  A phantom (D:6)
  5 kobold brigands
  3 bullfrogs
  A gnoll sergeant (D:10)
  A scorpion (D:5)
  4 wights (D:9)
  Dowan (D:6)
  6 killer bees (D:9)
  6 howler monkeys
  An orc priest (D:3)
  3 hounds
  A jelly (D:6)
  A gnoll bouda (D:5)
  A sleepcap (D:7)
  An iguana (D:5)
  2 orc wizards
  A hell rat (D:7)
  13 gnolls
  10 adders
  19 river rats
  A shadow imp (D:5)
  3 white imps
  3 bombardier beetles
  A worm (D:3)
  14 orcs
  A bat skeleton (D:2)
  7 endoplasms
  4 giant cockroaches
  6 goblins
  2 hobgoblins
  9 jackals
  11 quokkas
  10 ball pythons
  7 bats
  6 frilled lizards
  19 kobolds
  39 rats
273 creatures vanquished.

Notes
Turn   | Place    | Note
-------+----------+-------------------------------------------
     0 | D:1      | Laraso the Oni Cinder Acolyte began the quest for the Orb.
     0 | D:1      | Reached XP level 1. HP: 24/24 MP: 2/2
   158 | D:1      | Reached XP level 2. HP: 29/32 MP: 4/4
   314 | D:1      | Found Pecun's Assorted Antiques.
   407 | D:1      | Learned a level 2 spell: Scorch
   941 | D:2      | Reached XP level 3. HP: 39/39 MP: 2/5
  1104 | D:2      | Reached skill level 4 in Maces & Flails
  1271 | D:2      | Reached XP level 4. HP: 43/48 MP: 4/7
  2135 | D:2      | Learned a level 2 spell: Blink
  2523 | D:3      | Reached XP level 5. HP: 44/54 MP: 6/8
  2759 | D:3      | Found a glowing drain.
  2884 | Sewer    | Entered a sewer
  2900 | Sewer    | Reached skill level 5 in Maces & Flails
  2965 | Sewer    | Noticed a kobold brigand
  2975 | Sewer    | Killed a kobold brigand
  2976 | Sewer    | Reached XP level 6. HP: 43/62 MP: 3/10
  3361 | Sewer    | Reached skill level 6 in Maces & Flails
  3487 | Sewer    | Reached XP level 7. HP: 17/70 MP: 0/11
  5431 | D:4      | Reached skill level 7 in Maces & Flails
  5431 | D:4      | Reached skill level 1 in Translocations
  5771 | D:4      | Learned a level 4 spell: Olgreb's Toxic Radiance
  5790 | D:5      | Entered Level 5 of the Dungeon
  5824 | D:5      | Found Fyamedgh's Fire Supplies.
  6200 | D:5      | Reached XP level 8. HP: 66/78 MP: 1/12
  6289 | D:5      | Reached skill level 1 in Alchemy
  6705 | D:5      | You fall into a shaft and drop 1 floor!
  6713 | D:6      | Noticed Duvessa
  6715 | D:6      | Noticed Dowan
  6727 | D:6      | Killed Duvessa
  6732 | D:6      | Killed Dowan
  7072 | D:6      | Found a glowing golden altar of the Shining One.
  7098 | D:6      | Reached skill level 5 in Alchemy
  7187 | D:6      | Noticed Jeremiah
  7203 | D:6      | Killed Jeremiah
  7204 | D:6      | Reached XP level 9. HP: 79/84 MP: 0/15
  7350 | D:6      | Identified the ring "Duyjoh" {*Corrode rPois rC+ Int+6}
  7467 | D:6      | Reached skill level 5 in Spellcasting
  7708 | D:6      | Gained mutation: Armour fits poorly on your strangely
                  | shaped body. [potion of mutation]
  7708 | D:6      | Gained mutation: You have a pair of horns on your head.
                  | [potion of mutation]
  7708 | D:6      | Gained mutation: You are partially covered in iridescent
                  | scales. (AC +2) [potion of mutation]
  7796 | D:6      | Reached skill level 1 in Armour
  7796 | D:6      | Reached skill level 1 in Dodging
  8148 | D:7      | Reached skill level 5 in Fighting
  8170 | D:7      | Identified the +0 robe of the Carpenter {Slay+3}
  8183 | D:7      | Lost mutation: You have a pair of horns on your head.
                  | [potion of mutation]
  8183 | D:7      | Lost mutation: Armour fits poorly on your strangely shaped
                  | body. [potion of mutation]
  8183 | D:7      | Gained mutation: Your magical capacity is low. (-10% MP)
                  | [potion of mutation]
  8183 | D:7      | Gained mutation: You are somewhat resistant to further
                  | mutation. [potion of mutation]
  8486 | D:7      | Identified the +5 chain mail of Sloth {Harm +Blink rC+}
  8670 | D:7      | Found a staircase to the Ecumenical Temple.
  9283 | D:8      | Reached XP level 10. HP: 102/102 MP: 12/17
  9289 | D:8      | Reached skill level 8 in Maces & Flails
  9788 | D:8      | Reached skill level 9 in Maces & Flails
 10183 | D:9      | Noticed Grum
 10194 | D:9      | Killed Grum
 10404 | D:9      | Reached skill level 10 in Maces & Flails
 11293 | D:10     | Entered Level 10 of the Dungeon
 11315 | D:10     | Reached skill level 11 in Maces & Flails
 11747 | D:10     | Reached XP level 11. HP: 34/109 MP: 8/18
 11759 | D:10     | Found an iron altar of Okawaru.
 12187 | D:10     | Noticed Joseph
 12204 | D:10     | Killed Joseph
 12219 | D:10     | Reached skill level 5 in Armour
 12470 | D:10     | Noticed Erolcha
 12479 | D:10     | Killed Erolcha
 12480 | D:10     | Reached skill level 12 in Maces & Flails
 13181 | D:11     | Found a runed translucent door.
 13181 | D:11     | Noticed Qaots's ghost (journeyman FoFi)
 13185 | D:11     | Identified the +5 trident of Fragile Peace {vamp, rN+
                  | Str+2}
 13313 | D:11     | Noticed Urug
 13326 | D:11     | Hit by a javelin thrown by Urug

Illustrated notes

Levels and vault maps discovered:
D:1:      kennysheep_arrival_seaside, layout_basic, serial_shops, shop
D:2:      layout_loops_corners, serial_undead, serial_undead_d, serial_undead_e,
          serial_undead_d, serial_undead_c
D:3:      layout_basic, portal_sewer_entry_c
D:4:      layout_basic
D:5:      layout_basic, mainiacjoe_overflow_tiny_flanked, old_standard_altar,
          nicolae_shop_fire_sale [nicolae_sub_dead_trees], st_stairs_2,
          kennysheep_opposing_triangles
D:6:      minmay_angry_zag, layout_gridville, tso_metal_star,
          serial_bayou_ford_a, uniq_jeremiah, uniq_duvessa
D:7:      lemuel_ratsnest, layout_loops_ring,
          minmay_temple_entry_drinking_statues
D:8:      layout_layer_cave, minivault_1
D:9:      layout_irregular_city, minmay_misc_feat_room, uniq_grum
D:10:     layout_basic, okawaru_humans, uniq_joseph, uniq_erolcha
D:11:     layout_irregular_city, erik_lair_dragon, orc_0_dummy,
          ebering_ghost_funeral_grove, minivault_16,
          nicolae_sif_muna_little_library, uniq_psyche, uniq_urug

Skill      XL: |  1  2  3  4  5  6  7  8  9 10 11 |
---------------+----------------------------------+-----
Fire Magic     | 3 4 |  4.0
Spellcasting   | 2 3 4 6 |  6.0
Maces & Flails | 4 5 6 7 11 12 | 12.7
Translocations | 3 4 |  4.0
Alchemy        | 6 |  6.0
Armour         | 2 4 5 |  5.0
Dodging        | 2 |  2.0
Fighting       | 7 |  7.0

Action                     |  1- 3 |  4- 6 |  7- 9 | 10-12 || total
---------------------------+-------+-------+-------+-------++-------
  Melee: Mace              |    38 |    92 |   135 |    56 ||   321
         Headbutt          |     4 |     4 |    24 |    13 ||    45
         Punch             |       |       |     1 |       ||     1
   Cast: Scorch            |    12 |    63 |    92 |   100 ||   267
         Olgreb's Toxic Ra |       |       |    32 |    40 ||    72
         Blink             |       |       |     3 |     2 ||     5
  Evoke: Wand              |       |       |     7 |     2 ||     9
    Use: Scroll            |     2 |     2 |    12 |     2 ||    18
         Potion            |       |     1 |     6 |     2 ||     9
   Stab: Invisible         |       |       |     1 |       ||     1
 Armour: Robe              |    25 |    84 |   158 |    16 ||   283
         Acid dragon scale |       |       |       |   122 ||   122
  Dodge: Dodged            |    22 |    48 |   115 |    58 ||   243

Table legend: (Time is in decaauts)
 A = Elapsed time spent in this place.
 B = Non-inter-level travel time spent in this place.
 C = Inter-level travel time spent in this place.
 D = Time resting spent in this place.
 E = Time spent auto-exploring this place.
 F = Levels seen in this place.
 G = Mean time per level.
                   A        B        C        D        E       F      G
               +--------+--------+--------+--------+--------+-----+--------+
         Total |  13360 |  12995 |    365 |   3562 |   7331 |  12 | 1113.3 |
       Dungeon |  12199 |  11834 |    365 |   3057 |   7008 |  11 | 1109.0 |
         Sewer |   1161 |   1161 |      0 |    505 |    323 |   1 | 1161.0 |
               +--------+--------+--------+--------+--------+-----+--------+

Top non-repeatable levels by time:
    D:10: 1851 daAuts
     D:3: 1530 daAuts
     D:6: 1402 daAuts
     D:2: 1356 daAuts
     D:8: 1227 daAuts
   Sewer: 1161 daAuts
     D:9: 1114 daAuts
     D:4: 1037 daAuts
     D:1: 871 daAuts
     D:7: 841 daAuts
     D:5: 777 daAuts
    D:11: 188 daAuts
